 Dungeon Crawl Stone Soup version 0.25-a0-85-g7617fd2bc2 (webtiles) character file.

Game seed: 14513764497757121952, levelgen mode: deterministic

28155 MrRokkomies the Brawler (level 13, 0/113 HPs)
             Began as a Ghoul Monk on Nov 8, 2019.
             Was the Champion of Makhleb.
             Slain by an Executioner (4 damage)
             ... summoned by the player character
             ... on level 5 of the Lair of Beasts.
             The game lasted 00:31:30 (11548 turns).

MrRokkomies the Brawler (Ghoul Monk)               Turns: 11548, Time: 00:31:31

Health: 0/113      AC: 11    Str: 17    XL:     13   Next: 37%
Magic:  0/19       EV: 19    Int:  6    God:    Makhleb [******]
Gold:   1084       SH:  0    Dex: 13    Spells: 11/12 levels left

rFire    . . .     SeeInvis +     - Unarmed
rCold    + + +     Gourm    .   (no shield)
rNeg     + + +     Faith    .   e - +4 skin of Zhor {Hibernate rC+++ SInv}
rPois    ∞         Spirit   +   (no helmet)
rElec    .         Reflect  .   r - scarf {Spirit}
rCorr    .         Harm     .   (no gloves)
MR       +....                  A - +0 pair of boots
Stlth    ++........             G - amulet of the acrobat
HPRegen  0.00/turn              d - +4 ring of protection
MPRegen  0.16/turn              j - ring of protection from magic

@: about to teleport, rotting
A: rotting body, claws 1, carnivore, cold resistance 1, negative energy
resistance 3, inhibited regeneration, torment resistance, unbreathing
a: Minor Destruction, Lesser Servant of Makhleb, Major Destruction, Greater
Servant of Makhleb, Renounce Religion


You were on level 5 of the Lair of Beasts.
You worshipped Makhleb.
Makhleb was exalted by your worship.
You were not hungry.

You visited 2 branches of the dungeon, and saw 14 of its levels.
You also visited: Ossuary and Ice Cave.

You collected 1084 gold pieces.

Inventory:

Hand Weapons
 b - a +1 hand crossbow
 p - the +11 long sword of Niff {flame, rElec Int+4}
   (You found it on level 6 of the Dungeon)

   It has been specially enchanted to burn those struck by it, causing extra
   injury to most foes and up to half again as much damage against particularly
   susceptible opponents.
   Big, fiery blades are also staple armaments of hydra-hunters.
   It affects your intelligence (+4).
   It insulates you from electricity.
Missiles
 c - 131 poisoned darts (quivered)
 g - 10 atropa-tipped darts
 t - 10 curare-tipped darts
 E - 148 bolts
 I - a throwing net
Armour
 e - the +4 skin of Zhor (worn) {Hibernate rC+++ SInv}
   (You found it on level 4 of the Dungeon)

   It renders you almost immune to cold.
   It lets you see invisible.
 r - a scarf of spirit shield (worn)
 A - a +0 pair of boots (worn)
Jewellery
 d - a +4 ring of protection (left claw)
 j - a ring of protection from magic (right claw)
 l - an uncursed ring of resist corrosion
 y - an uncursed ring of see invisible
 G - an amulet of the acrobat (around neck)
 K - an uncursed ring of flight
Wands
 n - a wand of polymorph (25)
 x - a wand of iceblast (26)
 L - a wand of paralysis (16)
 N - a wand of disintegration (10)
 O - a wand of flame (13)
Scrolls
 h - 3 scrolls of fear
 m - 5 scrolls of teleportation
 q - a scroll of remove curse
 s - a scroll of enchant armour
 u - a scroll of fog
 B - a scroll of enchant weapon
 D - a scroll of identify
 J - 2 scrolls of amnesia
 R - 2 scrolls of magic mapping
 S - a scroll of silence
Potions
 a - 3 potions of invisibility
 k - a potion of cancellation
 o - 2 potions of magic
 v - 2 potions of agility
 w - 10 potions of curing
 z - 2 potions of heal wounds
 C - a potion of experience {unknown}
 F - a potion of ambrosia {unknown}
 H - a potion of berserk rage {unknown}
 M - a potion of haste
 P - a potion of brilliance {unknown}
 Q - 2 potions of might {unknown}
Comestibles
 f - 35 rations


   Skills:
 - Level 10.0 Fighting
 * Level 11.0 Dodging
 - Level 2.1 Stealth
 - Level 15.0 Unarmed Combat
 * Level 1.0 Hexes
 + Level 10.6 Invocations


You had 11 spell levels left.
You knew the following spells:

 Your Spells              Type           Power        Failure   Level  Hunger
a - Confusing Touch       Hex            #.....       32%         1    ##.....

Your spell library contained the following spells:

 Spells                   Type           Power        Failure   Level  Hunger
 Corona                   Hex            #......      32%         1    ##.....
 Flame Tongue             Conj/Fire      #....        45%         1    ##.....
 Slow                     Hex            #.......     45%         2    ###....
 Sticks to Snakes         Tmut           #.......     58%         2    ###....
 Throw Flame              Conj/Fire      #.....       58%         2    ###....
 Confuse                  Hex            #.......     69%         3    ####...
 Inner Flame              Hex/Fire       #.......     77%         3    ####...
 Portal Projectile        Hex/Tloc       #.....       77%         3    ####...
 Conjure Flame            Conj/Fire      #.......     83%         3    ####...
 Gell's Gravitas          Tloc           #.........   83%         3    ####...
 Static Discharge         Conj/Air       #.......     83%         3    ####...
 Cause Fear               Hex            #.........   97%         4    #####..
 Leda's Liquefaction      Hex/Erth       #.........   99%         4    #####..
 Petrify                  Tmut/Erth      #.......     99%         4    #####..
 Sticky Flame             Conj/Fire      #.......     99%         4    #####..
 Fireball                 Conj/Fire      #.........   100%        5    ######.
 Lightning Bolt           Conj/Air       #.........   100%        5    ######.
 Metabolic Englaciation   Hex/Ice        #.........   100%        5    ######.
 Silence                  Hex/Air        #.........   100%        5    ######.
 Yara's Violent Unravell  Hex/Tmut       #.........   100%        5    ######.
 Deflect Missiles         Chrm/Air       #.........   100%        6    #######
 Discord                  Hex            #.........   100%        8    #######
 Ignition                 Fire           #.........   100%        8    #######
 Shatter                  Erth           #.........   100%        9    #######
 Tornado                  Air            #.........   100%        9    #######
 Beastly Appendage        Tmut           Unusable     N/A         1    N/A
 Spider Form              Tmut/Pois      Unusable     N/A         3    N/A
 Ice Form                 Ice/Tmut       Unusable     N/A         4    N/A
 Blade Hands              Tmut           Unusable     N/A         5    N/A

Dungeon Overview and Level Annotations

Branches:
Dungeon (9/15)             Temple (0/1) D:7            Lair (5/6) D:9
 Shoals (0/4) Lair:2       Spider (0/4) Lair:2      Ossuary (visited)
  IceCv (visited)
  Slime: Lair:5-6       Orc: D:9-12

Altars:
Elyvilon
Kikubaaqudgha
Makhleb
Qazlal
Trog


Innate Abilities, Weirdness & Mutations

Your body is rotting away.
You thrive on raw meat.
You are immune to poison.
You have sharp fingernails.
You are carnivorous and can eat meat at any time.
Your flesh is cold resistant. (rC+)
You are immune to negative energy. (rN+++)
You do not regenerate when monsters are visible.
You are immune to unholy pain and torment.
You can survive without breathing.


Message History

* * * LOW HITPOINT WARNING * * *
The Executioner hits you.
* * * LOW HITPOINT WARNING * * *
Okay, then.
Unknown command.
The killer bee is no longer moving slowly.
The Executioner completely misses you. x2
The Executioner hits you but does no damage.
The Executioner closely misses you.
The Executioner hits you but does no damage.
The Executioner misses you.
Press: ? - help, v - describe, . - travel
Here: an Executioner (fast, summoned)
The floor.
Unknown command.
As you read the scroll of teleportation, it crumbles to dust.
You feel strangely unstable. The Executioner hits you!!
* * * LOW HITPOINT WARNING * * *
The Executioner hits you.
You die...

.. ###...#.## #...
%.. ##........#
#...
..%.#..........
##...
%.yy#.........#
#....
...y.y........#
#....
....yy.yy......
.....
.y.yFy%yy.....#
#.... ##1## .....
#@..# .P...
##..######### .#.#.
#.........#.#.#.###
##............##
##..P.#..P....#
#....P.......##
##............#
P#.............#
#....##.#......#


You could see an Executioner, 2 meliai and 2 killer bees.

Vanquished Creatures
  A hydra (Lair:1)
  A two-headed ogre (D:8)
  2 ugly things (IceCv)
  A manticore (D:6)
  3 ice statues (IceCv)
  2 black mambas
  10 spiny frogs
  2 rime drakes
  7 komodo dragons
  A troll (D:9)
  11 blink frogs
  A snapping turtle (Lair:2)
  11 hippogriffs
  A shadow (D:8)
  4 hogs (D:7)
  A human (D:7)
  A basilisk (Lair:2)
  16 yaks
  A hungry ghost (D:8)
  7 water moccasins
  4 porcupines
  3 black bears
  9 ice beasts
  3 sky beasts
  6 phantoms
  A necrophage (D:9)
  14 wolves
  4 ogres
  13 crocodiles
  A centaur (D:7)
  20 bullfrogs
  3 water moccasin zombies
  6 scorpions
  4 wights (D:7)
  7 killer bees
  5 electric eels
  6 crimson imps
  2 bullfrog zombies
  7 orc priests
  4 jellies
  6 hounds
  A bullfrog skeleton (D:7)
  Natasha (thrice) (D:3)
  3 iguanas
  7 orc wizards
  8 worker ants
  A killer bee zombie (D:7)
  3 big kobold zombies (Ossuary)
  A hound zombie (D:6)
  A hound skeleton (D:6)
  2 mummies (Ossuary)
  13 adders
  A shadow imp (D:7)
  12 white imps (Lair:4)
  An ooze (D:1)
  An adder skeleton (D:4)
  4 adder zombies (Ossuary)
  6 worms
  2 dart slugs
  11 leopard geckos
  27 orcs
  6 giant cockroaches
  4 goblins
  9 hobgoblins
  5 jackals
  2 quokkas (D:6)
  2 bats (D:2)
  4 frilled lizards
  7 hobgoblin zombies (Ossuary)
  A jackal zombie (D:6)
  9 kobolds
  5 kobold zombies (Ossuary)
  8 orc zombies (Ossuary)
  10 rats
392 creatures vanquished.

Vanquished Creatures (collateral kills)
  2 hydras
  An oklob plant (Lair:4)
  2 blink frogs (Lair:3)
  A crocodile (Lair:4)
6 creatures vanquished.

Vanquished Creatures (others)
  2 fungi
2 creatures vanquished.

Grand Total: 400 creatures vanquished

Notes
Turn   | Place    | Note
-------+----------+-------------------------------------------
     0 | D:1      | MrRokkomies the Ghoul Monk began the quest for the Orb.
     0 | D:1      | Reached XP level 1. HP: 19/19 MP: 0/0
   121 | D:1      | Reached XP level 2. HP: 26/26 MP: 1/1
   491 | D:1      | Reached skill level 4 in Unarmed Combat
   491 | D:1      | Reached XP level 3. HP: 29/33 MP: 2/2
  1138 | D:2      | Reached XP level 4. HP: 41/41 MP: 3/3
  1396 | D:2      | Found a burning altar of Makhleb.
  1396 | D:2      | Noticed a cacodemon
  1399 | D:2      | Noticed a hellwing
  1399 | D:2      | Noticed a neqoxec
  1401 | D:2      | Became a worshipper of Makhleb the Destroyer
  1401 | D:2      | Reached * piety under Makhleb
  1401 | D:2      | Reached ** piety under Makhleb
  1655 | D:3      | Noticed Natasha
  1660 | D:3      | Killed Natasha
  1722 | D:3      | Reached XP level 5. HP: 47/47 MP: 4/4
  1757 | D:3      | Reached skill level 1 in Invocations
  1800 | D:3      | Reached skill level 5 in Unarmed Combat
  1897 | D:3      | Noticed Natasha
  1905 | D:3      | Killed Natasha
  1905 | D:3      | Reached skill level 5 in Fighting
  2154 | D:3      | Noticed Natasha
  2162 | D:3      | Killed Natasha
  2309 | D:3      | Found a bloodstained altar of Trog.
  2402 | D:3      | Reached XP level 6. HP: 56/56 MP: 6/6
  2628 | D:4      | Noticed a phantom
  2666 | D:4      | Killed a phantom
  2674 | D:4      | Found a sand-covered staircase.
  2683 | Ossuary  | Entered an ossuary
  2706 | Ossuary  | Reached *** piety under Makhleb
  2731 | Ossuary  | Reached skill level 6 in Unarmed Combat
  2741 | Ossuary  | Reached XP level 7. HP: 47/62 MP: 7/7
  3316 | D:4      | Noticed an air elemental
  3318 | D:4      | Found a stormy altar of Qazlal.
  3319 | D:4      | Noticed a water elemental
  3319 | D:4      | Noticed a fire elemental
  3540 | D:4      | Found the +4 skin of Zhor {Hibernate rC+++ SInv}
  3744 | D:5      | Entered Level 5 of the Dungeon
  3869 | D:5      | Reached **** piety under Makhleb
  4093 | D:5      | Reached skill level 7 in Unarmed Combat
  4106 | D:5      | Reached XP level 8. HP: 73/73 MP: 9/9
  4207 | D:5      | Found an ancient bone altar of Kikubaaqudgha.
  4739 | D:6      | Got a bloodstained long sword
  4740 | D:6      | Identified the +11 long sword of Niff {flame, rElec Int+4}
                  | (You found it on level 6 of the Dungeon)
  4782 | D:6      | Reached skill level 8 in Unarmed Combat
  5027 | D:6      | Reached XP level 9. HP: 82/82 MP: 11/11
  5119 | D:6      | Reached skill level 5 in Invocations
  5164 | D:6      | Noticed a manticore
  5171 | D:6      | Killed a manticore
  5171 | D:6      | Reached skill level 9 in Unarmed Combat
  5570 | D:7      | Found a staircase to the Ecumenical Temple.
  5629 | D:7      | Reached ***** piety under Makhleb
  5629 | D:7      | Reached skill level 10 in Fighting
  5629 | D:7      | Reached skill level 10 in Unarmed Combat
  5629 | D:7      | Reached XP level 10. HP: 49/93 MP: 13/13
  5934 | D:7      | Found a white marble altar of Elyvilon.
  6302 | D:7      | Reached skill level 5 in Dodging
  6497 | D:8      | Noticed a two-headed ogre
  6514 | D:8      | Killed a two-headed ogre
  6514 | D:8      | Reached skill level 11 in Unarmed Combat
  6930 | D:9      | Reached XP level 11. HP: 99/99 MP: 15/15
  7372 | D:9      | Reached skill level 12 in Unarmed Combat
  7416 | D:9      | Found a staircase to the Lair.
  7735 | Lair:1   | Entered Level 1 of the Lair of Beasts
  7808 | Lair:1   | Noticed a seven-headed hydra
  7822 | Lair:1   | Killed a seven-headed hydra
  8651 | Lair:2   | Reached skill level 13 in Unarmed Combat
  8659 | Lair:2   | Found a hole to the Spider Nest.
  8715 | Lair:2   | Reached XP level 12. HP: 106/106 MP: 17/17
  8761 | Lair:2   | Found a staircase to the Shoals.
  9533 | Lair:3   | Noticed a four-headed hydra
  9543 | Lair:3   | Killed a four-headed hydra
  9648 | Lair:3   | Reached ****** piety under Makhleb
  9824 | Lair:3   | Reached skill level 14 in Unarmed Combat
 10391 | Lair:4   | Reached skill level 10 in Dodging
 10432 | Lair:4   | Reached skill level 10 in Invocations
 10461 | Lair:4   | Noticed a six-headed hydra
 10479 | Lair:4   | Found a frozen archway.
 10496 | IceCv    | Entered an ice cave
 10575 | IceCv    | Reached XP level 13. HP: 113/113 MP: 19/19
 10660 | IceCv    | Got a steaming scimitar
 10679 | IceCv    | Got steaming ice dragon scales
 10711 | Lair:4   | Identified the +0 scimitar of Subterfuge {slice, MR+ Int+2}
                  | (You found it in an ice cave)
 10830 | Lair:4   | Learned a level 1 spell: Confusing Touch
 11412 | Lair:5   | Reached skill level 15 in Unarmed Combat
 11542 | Lair:5   | Noticed an Executioner
 11544 | Lair:5   | Reached skill level 1 in Hexes
 11548 | Lair:5   | HP: 4/113 [Executioner[the player character] (21)]
 11548 | Lair:5   | Slain by an Executioner

Levels and vault maps discovered:
D:1:      giann_bridges, layout_loops_ring
D:2:      minmay_chambers_of_twos, layout_loops_ring, first_ration,
          makhleb_altar_promises_db
D:3:      minmay_door_path, layout_loops_ring, kennysheep_small_spiral,
          trog_butcher_becter, uniq_natasha
D:4:      layout_layer_cave, chequers_ossuary_entry_cave,
          nicolae_qazlal_style_of_elements
D:5:      layout_cave_pools, marbit_many_paths
D:6:      minmay_opposing_rooms, layout_basic
D:7:      layout_cave_pods, elyvilon_altar_1, minmay_temple_entry_large_hall,
          grunt_livestock
D:8:      layout_rooms, minmay_manual_mess
D:9:      layout_roguey, erik_lair_island
Lair:1:   layout_chaotic_city, serial_bayou_shore_a
Lair:2:   layout_misc_corridors, minmay_shoals_entry_hut,
          nicolae_spider_entry_non_spiders
Lair:3:   layout_cave_pods
Lair:4:   layout_cave_shapes, portal_ice_cave_entry_imps
Lair:5:   layout_roguey [special_room_bee], minmay_slime_entry_oklob_open,
          grunt_megastairs_4

Skill      XL: |  1  2  3  4  5  6  7  8  9 10 11 12 13 |
---------------+----------------------------------------+-----
Fighting       | 4 5 6 7 8 10 | 10.0
Unarmed Combat | 4 5 6 7 8 10 11 13 14 15 | 15.0
Invocations    | 1 2 3 4 6 7 8 10 | 10.6
Dodging        | 3 6 8 10 11 | 11.0
Hexes          | 1 |  1.0
Stealth        | |  2.1

Action                   |  1- 3 |  4- 6 |  7- 9 | 10-12 | 13-15 || total
-------------------------+-------+-------+-------+-------+-------++-------
Melee: Unarmed           |   132 |   197 |   369 |   775 |   167 ||  1640
       Punch             |     1 |     7 |    13 |    39 |    14 ||    74
       Long sword        |       |       |       |     4 |       ||     4
 Fire: Hunting sling     |       |     4 |       |       |       ||     4
       Hand crossbow     |       |       |       |     4 |       ||     4
Throw: Dart              |       |       |    15 |    56 |       ||    71
Invok: Minor Destruction |       |       |       |     6 |     2 ||     8
       Major Destruction |       |       |       |     1 |       ||     1
       Lesser Servant of |       |       |       |       |     3 ||     3
       Greater Servant o |       |       |       |       |     1 ||     1
  Use: Scroll            |       |    10 |     7 |    10 |     1 ||    28
       Potion            |       |       |       |     2 |       ||     2
 Stab: Sleeping          |     5 |     3 |     7 |     6 |       ||    21
  Eat: Chunk             |     7 |     7 |    20 |    41 |     7 ||    82
Armor: Robe              |    32 |       |       |       |       ||    32
       Ring mail         |    14 |    67 |    30 |       |       ||   111
       Animal skin       |       |       |    95 |   147 |    37 ||   279
Dodge: Dodged            |    89 |    81 |   204 |   505 |   122 ||  1001

Table legend:
 A = Non-vault XP
 B = Vault XP
 C = Vault XP percentage of total XP
 D = Non-vault monster count
 E = Vault monster count
 F = Vault count percentage of total count
                 A         B        C        D         E       F
            +---------+---------+-------+---------+---------+-------
      Total |   32779 |    7443 |  18.5 |     293 |     105 |  26.4
            +---------+---------+-------+---------+---------+-------
        D:1 |      41 |       0 |   0.0 |      21 |       0 |   0.0
        D:2 |      30 |      17 |  36.2 |      11 |       8 |  42.1
        D:3 |     164 |      67 |  29.0 |      22 |       9 |  29.0
        D:4 |     379 |       0 |   0.0 |      10 |       0 |   0.0
        D:5 |     783 |       0 |   0.0 |      24 |       0 |   0.0
        D:6 |     972 |     880 |  47.5 |      22 |       7 |  24.1
        D:7 |    1994 |     981 |  33.0 |      23 |       5 |  17.9
        D:8 |    2258 |     331 |  12.8 |      20 |       3 |  13.0
        D:9 |    1440 |     923 |  39.1 |      31 |       8 |  20.5
     Lair:1 |    4223 |       0 |   0.0 |      18 |       0 |   0.0
     Lair:2 |    4322 |     383 |   8.1 |      17 |       8 |  32.0
     Lair:3 |    7021 |      72 |   1.0 |      35 |       1 |   2.8
     Lair:4 |    5558 |     122 |   2.1 |      25 |      12 |  32.4
     Lair:5 |    3594 |     175 |   4.6 |      14 |       2 |  12.5
    Ossuary |       0 |     316 | 100.0 |       0 |      31 | 100.0
      IceCv |       0 |    3176 | 100.0 |       0 |      11 | 100.0
            +---------+---------+-------+---------+---------+-------
